 Dungeon Crawl Stone Soup version 0.24-a0-203-gf0bc1e9 (webtiles) character file.

Game seed: 6283511707889859500

126 Borgoz the Ducker (level 4, -4/34 HPs)
             Began as a Demonspawn Gladiator on Mar 27, 2019.
             Killed by nerve-wracking pain
             ... invoked by an orc priest
              (13 damage)
             ... on level 3 of the Dungeon.
             The game lasted 00:05:08 (2368 turns).

Borgoz the Ducker (Demonspawn Gladiator)            Turns: 2368, Time: 00:05:09

Health: -4/34      AC: 12    Str: 14    XL:     4   Next: 84%
Magic:  4/4        EV: 13    Int: 10    God:
Gold:   42         SH:  0    Dex: 15    Spells: 3/3 levels left

rFire    + . .     SeeInvis .   n - +2 short sword (venom)
rCold    . . .     Gourm    .   (no shield)
rNeg     . . .     Faith    .   b - +0 leather armour
rPois    .         Spirit   .   (helmet restricted)
rElec    .         Reflect  .   (no cloak)
rCorr    .         Harm     .   (no gloves)
MR       .....                  (no boots)
Stlth    +.........             d - amulet of rage
HPRegen  0.11/turn              m - ring of protection from fire
MPRegen  0.09/turn              (no ring)

@: sanguine armour, very slightly contaminated, invisible
A: antennae 1, claws 1, sense surroundings 1, evolution 1, sanguine armour 2
a: Evoke Berserk Rage


You were on level 3 of the Dungeon.
You were not hungry.

You visited 1 branch of the dungeon, and saw 3 of its levels.

You collected 42 gold pieces.

Inventory:

Hand Weapons
 a - a +0 rapier
 g - a +0 dagger of speed
 n - a +2 short sword of venom (weapon)
Missiles
 h - 7 silver tomahawks (quivered)
Armour
 b - a +0 leather armour (worn)
Jewellery
 c - an uncursed amulet of magic regeneration
 d - an amulet of rage (around neck)
 m - a ring of protection from fire (left claw)
Scrolls
 e - a scroll of immolation {unknown}
 i - a scroll of remove curse {unknown}
 j - 5 scrolls of amnesia {unknown}
 o - a scroll of teleportation {unknown}
Comestibles
 f - 3 rations
 l - 2 chunks of flesh


   Skills:
 + Level 2.7 Fighting
 * Level 3.3 Short Blades
 + Level 2.2 Throwing
 * Level 1.6 Armour
 * Level 3.5 Dodging
 + Level 0.4 Evocations


You had 3 spell levels left.
You didn't know any spells.
Your spell library was empty.

Dungeon Overview and Level Annotations

Branches:
Dungeon (3/15)

Altars:
Qazlal

Annotations:
D:2 Sigmund


Innate Abilities, Weirdness & Mutations

You have a pair of small antennae on your head.
When seriously injured, your bleeding wounds create thick armour. (AC +9)
You have sharp fingernails.
You passively map a small area around you.
You evolve.


Message History

Found a buckler.
You hit the orc wizard.
The orc wizard is poisoned.
The orc wizard is heavily wounded.
The orc wizard hits you but does no damage.
You hit the orc wizard.
The orc wizard is almost dead.
The orc wizard barely misses you.
You hit the orc wizard but do no damage.
The orc wizard is almost dead.
The orc wizard closely misses you.
You strike the helpless orc wizard from behind!
You hit the orc wizard.
You kill the orc wizard!
The orc priest hits you with a +0 mace.
* * * LOW HITPOINT WARNING * * *
You closely miss the orc priest.
The orc priest is almost dead.
The orc priest calls down the wrath of Beogh upon you.
Pain shoots through your body!
You die...

## , , , .# * .#
######### ,* .#
#.......# ,,, , *
.######.#....##########.
.....>#......# #........
.####.#.#....# #.......[
.......###...###.)......
......##
##...))@.......*
.......###..####o.......
* , .####.#.#.#.#
#........ ......##.##.#
#.......# *
.##########.# #########
* .# #.# , )# #.., *
.############, *
......>..# , ,


You could see an orc priest.

Vanquished Creatures
  An orc wizard (D:3)
  3 adders
  2 oozes
  A worm (D:3)
  3 leopard geckos (D:1)
  7 orcs (D:3)
  A giant cockroach (D:1)
  6 goblins
  5 hobgoblins
  7 jackals
  4 kobolds
  A ball python (D:1)
  A bat (D:3)
  3 frilled lizards (D:3)
  4 rats
49 creatures vanquished.

Vanquished Creatures (others)
  A frilled lizard (D:2)
1 creature vanquished.

Grand Total: 50 creatures vanquished

Notes
Turn   | Place    | Note
-------+----------+-------------------------------------------
     0 | D:1      | Borgoz the Demonspawn Gladiator began the quest for the
                  | Orb.
     0 | D:1      | Reached XP level 1. HP: 16/16 MP: 1/1
   135 | D:1      | Gained mutation: You have a pair of small antennae on your
                  | head. [demonic ancestry]
   135 | D:1      | Reached XP level 2. HP: 12/22 MP: 2/2
  1105 | D:1      | Gained mutation: When seriously injured, your bleeding
                  | wounds create armour. (AC +9) [demonic ancestry]
  1105 | D:1      | Reached XP level 3. HP: 27/27 MP: 3/3
  1319 | D:2      | Found a stormy altar of Qazlal.
  1392 | D:2      | Reached skill level 1 in Armour
  1405 | D:2      | Noticed Sigmund
  1908 | D:3      | Gained mutation: When seriously injured, your bleeding
                  | wounds create thick armour. (AC +9) [demonic ancestry]
  1908 | D:3      | Reached XP level 4. HP: 31/34 MP: 4/4
  2347 | D:3      | Gained mutation: You passively map a small area around you.
                  | [potion of mutation]
  2347 | D:3      | Gained mutation: You evolve. [potion of mutation]
  2347 | D:3      | Gained mutation: You have sharp fingernails. [potion of
                  | mutation]
  2368 | D:3      | Killed from afar by an orc priest

Levels and vault maps discovered:
D:1:      sevenhm_arrival_forest_fort_large_2, layout_basic
D:2:      layout_rooms, nicolae_qazlal_general_emergency,
          mrwooster_statue_mirror, uniq_sigmund
D:3:      layout_loops_cross, lemuel_coloured_pillars_altar,
          kennysheep_another_room

Skill      XL: |  1  2  3 |
---------------+----------+-----
Dodging        | 3 |  3.5
Short Blades   | 3 |  3.3
Armour         | 1 |  1.6
Throwing       | 2 |  2.2
Fighting       | |  2.7
Evocations     | |  0.4

Action                   |  1- 3 |  4- 6 || total
-------------------------+-------+-------++-------
Melee: Rapier            |    16 |       ||    16
       Dagger            |   203 |    33 ||   236
       Short sword       |       |    35 ||    35
Throw: Throwing net      |     3 |       ||     3
  Use: Potion            |     5 |     2 ||     7
 Stab: Invisible         |     5 |     3 ||     8
       Held in net/web   |     1 |       ||     1
       Sleeping          |     1 |       ||     1
  Eat: Chunk             |     3 |     2 ||     5
Armor: Leather armour    |    38 |    14 ||    52
Dodge: Dodged            |   108 |    38 ||   146

Table legend:
 A = Non-vault XP
 B = Vault XP
 C = Vault XP percentage of total XP
 D = Non-vault monster count
 E = Vault monster count
 F = Vault count percentage of total count
                 A         B        C        D         E       F
            +---------+---------+-------+---------+---------+-------
      Total |     181 |       0 |   0.0 |      49 |       0 |   0.0
            +---------+---------+-------+---------+---------+-------
        D:1 |      44 |       0 |   0.0 |      20 |       0 |   0.0
        D:2 |      42 |       0 |   0.0 |       8 |       0 |   0.0
        D:3 |      95 |       0 |   0.0 |      21 |       0 |   0.0
            +---------+---------+-------+---------+---------+-------
